Map: Dusk Towers

Players

llllllllllll (souL) - Winner!

  • Race: Protoss Protoss
  • League: Grandmaster

Miszu

  • Race: Terran Terran
  • League: Master

VOD

Have the link to the VOD?

Description

Time

  • Played on: March 7, 2016, 7:09 p.m.
  • Length: 10:37
Show
View Real Time Build Order
Export as new Build Order

llllllllllll Protoss - Winner!

Build Orders: 1 Gate Expand 

Get SALT Encoding   

  12  0:01  Probe (Chrono Boost)  
  13  0:11  Probe (Chrono Boost)  
  14  0:18  Pylon  
  14  0:22  Probe (Chrono Boost)  
  15  0:36  Probe (Chrono Boost)  
  15  0:39  Gateway  
  16  0:45  Assimilator  
  16  0:48  Probe (Chrono Boost)  
  17  0:59  Probe (Chrono Boost)  
  18  1:09  Probe (Chrono Boost)  
  19  1:21  Nexus  
  19  1:31  Cybernetics Core  
  19  1:35  Probe (Chrono Boost)  
  20  1:40  Assimilator  
  20  1:46  Probe (Chrono Boost)  
  21  1:50  Pylon  
  21  1:57  Probe (Chrono Boost)  
  22  2:07  Probe  
  22  2:08  Adept (Chrono Boost), Warp Gate  
  25  2:17  Pylon  
  25  2:19  Probe  
  26  2:34  Mothership Core (Chrono Boost)  
  28  2:44  Stalker (Chrono Boost)  
  27  3:11  Stalker (Chrono Boost)  
  29  3:14  Gateway  
  21  3:37  Stalker (Chrono Boost)  
  20  3:45  Probe  
  21  3:53  Probe  
  21  4:07  Probe  
  21  4:09  Probe  
  21  4:18  Adept  
  21  4:19  Probe (Chrono Boost)  
  21  4:23  Probe (Chrono Boost)  
  23  4:32  Probe (Chrono Boost)  
  24  4:39  Probe (Chrono Boost)  
  24  4:43  Probe (Chrono Boost)  
  26  4:47  Adept  
  26  4:49  Probe (Chrono Boost)  
  29  4:53  Probe (Chrono Boost)  
  30  5:02  Probe (Chrono Boost)  
  30  5:06  Probe (Chrono Boost)  
  32  5:07  Stargate  
  32  5:13  Probe (Chrono Boost)  
  33  5:16  Probe (Chrono Boost)  
  34  5:23  Probe (Chrono Boost)  
  34  5:27  Probe (Chrono Boost)  
  36  5:34  Probe (Chrono Boost)  
  37  5:38  Probe (Chrono Boost)  
  38  5:44  Probe (Chrono Boost)  
  38  5:48  Probe (Chrono Boost)  
  38  5:55  Probe (Chrono Boost)  
  37  5:58  Phoenix (Chrono Boost)  
  37  6:00  Probe  
  37  6:02  Nexus  
  40  6:06  Probe  
  40  6:10  Probe  
  41  6:18  Pylon, Probe (Chrono Boost)  
  43  6:20  Phoenix (Chrono Boost)  
  43  6:22  Probe (Chrono Boost)  
  46  6:30  Probe (Chrono Boost)  
  46  6:32  Sentry  
  49  6:33  Probe (Chrono Boost)  
  49  6:35  Assimilator  
  50  6:40  Probe (Chrono Boost), Assimilator  
  50  6:41  Pylon  
  50  6:43  Probe (Chrono Boost)  
  50  6:44  Phoenix  
  54  6:49  Pylon  
  54  6:51  Probe (Chrono Boost)  
  56  6:54  Probe (Chrono Boost)  
  56  6:55  Twilight Council  
  56  7:02  Forge, Probe (Chrono Boost)  
  56  7:05  Probe (Chrono Boost)  
  58  7:12  Probe (Chrono Boost)  
  58  7:15  Probe (Chrono Boost), Phoenix  
  62  7:16  Probe (Chrono Boost)  
  64  7:23  Probe (Chrono Boost)  
  64  7:25  Probe (Chrono Boost), Protoss Ground Armor Level 1 (Chrono Boost)  
  64  7:26  Probe (Chrono Boost), Pylon, Resonating Glaives (Chrono Boost)  
  64  7:28  Sentry  
  68  7:33  Probe (Chrono Boost)  
  68  7:34  Probe (Chrono Boost)  
  70  7:37  Probe  
  70  7:43  Robotics Facility  
  71  7:45  Probe x2  
  71  7:47  Pylon  
  71  7:49  Probe  
  74  7:55  Probe  
  74  7:57  Probe  
  76  8:02  Probe  
  76  8:04  Phoenix (Chrono Boost)  
  77  8:06  Probe  
  77  8:08  Assimilator  
  77  8:09  Probe  
  77  8:12  Gateway, Assimilator  
  79  8:14  Probe  
  79  8:16  Probe  
  81  8:23  Probe  
  81  8:26  Probe  
  83  8:27  Phoenix (Chrono Boost)  
  83  8:28  Pylon  
  83  8:30  Robotics Bay  
  83  8:32  Robotics Facility  
  85  8:43  Immortal (Chrono Boost)  
  85  8:44  Pylon  
  89  8:49  Probe  
  89  8:50  Pylon, Phoenix  
  92  8:59  Stalker x2  
  94  9:08  Adept  
  94  9:09  Pylon  
  96  9:11  Pylon  
  96  9:12  Gateway  
  96  9:14  Gateway  
  96  9:16  Gateway  
  96  9:22  Colossus (Chrono Boost)  
  108  9:29  Colossus (Chrono Boost)  
  108  9:31  Pylon  
  108  9:37  Adept x2  
  108  9:38  Adept  
  114  9:43  Pylon  
  114  9:44  Pylon  
  114  9:56  Pylon  
  114  9:58  Pylon  
  114  10:03  Adept x2  
  114  10:04  Adept  
  120  10:12  Adept x2  
  126  10:33  Stalker x3  
  126  10:34  Stalker x3  
Show
View Real Time Build Order
Export as new Build Order

Miszu Terran 

Build Orders: MMM Bio 

Get SALT Encoding   

  12  0:00  SCV  
  13  0:12  SCV  
  14  0:21  Supply Depot  
  14  0:25  SCV  
  15  0:30  Refinery  
  15  0:42  SCV  
  16  0:52  Barracks  
  16  1:04  Barracks  
  16  1:13  SCV  
  17  1:25  SCV  
  18  1:39  Barracks Tech Lab  
  19  1:42  Orbital Command  
  19  1:45  Supply Depot  
  18  1:51  Barracks Tech Lab  
  18  1:58  Marauder, Concussive Shells  
  20  2:10  Marauder, SCV  
  23  2:19  Marauder  
  23  2:22  SCV  
  26  2:32  Marauder  
  28  2:41  Marauder  
  28  2:42  Supply Depot  
  29  2:53  Marauder  
  30  3:04  Marauder  
  30  3:05  SCV  
  33  3:08  Refinery  
  31  3:14  Marauder  
  31  3:15  Supply Depot  
  31  3:17  SCV  
  34  3:31  Marauder  
  30  3:36  SCV  
  30  3:37  Marauder  
  29  3:48  Factory, SCV  
  30  4:00  SCV  
  29  4:06  Marauder x2  
  27  4:12  SCV  
  28  4:24  SCV  
  27  4:36  SCV  
  26  4:39  Factory Tech Lab  
  26  4:45  Command Center  
  26  4:49  Barracks, SCV  
  27  4:57  Cyclone  
  30  5:01  Starport, SCV  
  31  5:13  SCV  
  32  5:16  Barracks  
  32  5:25  SCV  
  31  5:29  Siege Tank  
  31  5:32  Liberator  
  31  5:37  SCV  
  31  5:49  SCV  
  34  5:59  Barracks Tech Lab  
  34  6:01  SCV  
  35  6:09  Orbital Command  
  37  6:13  SCV  
  38  6:20  Marine  
  38  6:21  Stimpack  
  39  6:25  SCV  
  39  6:32  Barracks x2  
  38  6:33  Barracks Reactor  
  38  6:34  Barracks Reactor  
  38  6:37  SCV  
  38  6:38  Marine  
  38  6:39  Starport Reactor  
  40  6:40  SCV  
  41  6:50  SCV  
  41  6:52  SCV  
  43  6:56  Marine  
  44  7:02  SCV  
  44  7:03  Engineering Bay  
  44  7:04  Refinery, SCV  
  44  7:06  Refinery  
  44  7:07  Siege Tank  
  49  7:12  Supply Depot  
  49  7:14  Marine, SCV  
  51  7:17  Marine x2, SCV  
  51  7:21  Barracks Reactor  
  51  7:22  Barracks Reactor  
  54  7:33  Marine x2, SCV x2  
  54  7:34  Supply Depot, Marine  
  54  7:35  Marine x2  
  61  7:45  SCV  
  61  7:47  Terran Infantry Weapons Level 1  
  62  7:52  SCV  
  62  7:56  Marine, Medivac  
  62  7:58  SCV  
  66  8:02  Marine  
  66  8:04  SCV  
  68  8:06  Siege Tank  
  68  8:10  SCV  
  68  8:11  Supply Depot  
  69  8:14  Supply Depot  
  69  8:15  Missile Turret  
  69  8:16  SCV  
  69  8:18  Missile Turret  
  70  8:25  SCV, Combat Shields  
  70  8:33  Marine x2, Medivac  
  74  8:34  Marine  
  74  8:35  Marine x3  
  74  8:37  Marine  
  74  8:40  Marine  
  81  8:44  Siege Tank  
  83  8:49  Supply Depot  
  83  8:51  Marine  
  83  8:52  Marine x3  
  87  8:59  Marine  
  87  9:00  Marine x3  
  91  9:03  Medivac  
  91  9:05  Marine  
  94  9:10  Marine  
  94  9:16  Siege Tank  
  98  9:19  Supply Depot  
  98  9:20  Supply Depot, Marine  
  98  9:23  Marine  
  98  9:24  Marine  
  97  9:38  Marine  
  97  9:39  Marine x4  
  97  9:42  Marine  
  97  9:43  Marine  
  103  9:48  Siege Tank  
  104  9:54  Marine  
  104  9:55  Medivac  
  107  10:03  Marine x2  
  109  10:11  Marine x2  
  109  10:12  Marine x3  
  113  10:16  Supply Depot  
Tags
 
Add a new tag
Caveats
  • Supply blocks, unpowered buildings, or Contaminate may cause inaccurate times.
  • Supply counts are checked every 10 seconds.